 Dungeon Crawl Stone Soup version 0.20.0-15-g7f486f2 (webtiles) character file.

76 renl the Chopper (level 4, -2/29 HPs)
             Began as a Gargoyle Monk on July 3, 2017.
             Killed from afar by Sigmund (4 damage)
             ... with a puff of flame
             ... on level 2 of the Dungeon.
             The game lasted 00:03:16 (1127 turns).

renl the Chopper (Gargoyle Monk)                    Turns: 1127, Time: 00:03:16

Health: -2/29      AC:  9    Str: 16    XL:     4   Next: 32%
Magic:  4/4        EV: 10    Int: 10    God:
Gold:   100        SH:  0    Dex: 12    Spells: 3/3 levels left

rFire    . . .     SeeInvis .   a - +0 hand axe
rCold    . . .     Gourm    .   (no shield)
rNeg     + . .     Faith    .   g - +0 scale mail
rPois    ∞         Spirit   .   (no helmet)
rElec    +         Reflect  .   (no cloak)
rCorr    .         Harm     .   (no gloves)
MR       .....                  (no boots)
Stlth    +.........             (no amulet)
Regen    0.1/turn               (no ring)
MPRegen  0.1/turn               (no ring)

@: no status effects
A: negative energy resistance 1, electricity resistance, unbreathing,
petrification resistance, rot immunity, AC +3
a: no special abilities


You were on level 2 of the Dungeon.
You were hungry.

You visited 1 branch of the dungeon, and saw 2 of its levels.

You collected 100 gold pieces.

Inventory:

Hand Weapons
 a - a +0 hand axe (weapon)
Armour
 g - a +0 scale mail (worn)
Jewellery
 b - an uncursed ring of fire {unknown}
 i - an uncursed amulet of magic regeneration {unknown}
Scrolls
 d - a scroll of magic mapping {unknown}
 e - a scroll of fear {unknown}
 h - 2 scrolls of fog {unknown}
 j - a scroll of recharging {unknown}
 k - a scroll of enchant armour {unknown}
Potions
 f - a potion of ambrosia {unknown}
 l - a potion of brilliance {unknown}
Comestibles
 c - 3 bread rations


   Skills:
 + Level 3.8 Fighting
 * Level 3.9 Axes
 + Level 0.2 Armour
 + Level 2.7 Dodging
 - Level 2.1 Stealth


You had 3 spell levels left.
You didn't know any spells.

Dungeon Overview and Level Annotations

Branches:
Dungeon (2/15)

Altars:
Ru
Xom

Annotations:
D:2 1 runed door, Sigmund


Innate Abilities, Weirdness & Mutations

You are resistant to torment.
Your stone body is resilient. (AC +3)
You are immune to poison.
You resist negative energy. (rN+)
You are resistant to electric shocks. (rElec)
You can survive without breathing.
You are immune to petrification.
You are immune to rotting.


Message History

You hear some strange, mumbled words.
You are more confused.
You hear some strange, mumbled words.
A puff of flame appears from out of thin air!
The puff of flame misses you. Something hits you!
* * * LOW HITPOINT WARNING * * *
You bump into the rock wall.
Found a sapphire potion.
You bump into the rock wall.
Something hits you.
* * * LOW HITPOINT WARNING * * *
You feel less confused. Something hits you but does no damage.
You hit something. You hit something but do no damage.
Something hits you but does no damage.
You closely miss something.
You hear some strange, mumbled words.
A puff of flame appears from out of thin air!
The puff of flame hits you!
You die...

.####. #...........#..
...... ............#..
.....! #.#..........##.
....###..#.####...####.
.......##...#..#.###†.
#.....###............
#.........##.##.#....
#...####....##...#..
#..@........####....
#..####.†.##......##.
#..#...........#...##
......##.##########...
...... $..# ###.
.###.......# #.
#.......# ## # ......#
......#


There were no monsters in sight!

Vanquished Creatures
  Terence (D:2)
  An ooze (D:1)
  3 dart slugs
  A leopard gecko (D:1)
  8 goblins
  3 hobgoblins
  2 jackals (D:2)
  7 bats
  5 frilled lizards
  5 kobolds
  3 rats (D:1)
39 creatures vanquished.

Notes
Turn   | Place    | Note
-------+----------+-------------------------------------------
     0 | D:1      | renl the Gargoyle Monk began the quest for the Orb.
     0 | D:1      | Reached XP level 1. HP: 14/14 MP: 1/1
   141 | D:1      | Reached XP level 2. HP: 18/19 MP: 2/2
   235 | D:1      | Reached XP level 3. HP: 20/23 MP: 3/3
   791 | D:2      | Found a sacrificial altar of Ru.
   809 | D:2      | Found a shimmering altar of Xom.
   885 | D:2      | Noticed Terence
   913 | D:2      | Killed Terence
   913 | D:2      | Reached XP level 4. HP: 19/29 MP: 4/4
  1046 | D:2      | Found a runed door.
  1075 | D:2      | Noticed Sigmund
  1127 | D:2      | Killed from afar by Sigmund

Skill      XL: |  1  2 |
---------------+-------+-----
Axes           | 3 |  3.9
Fighting       | |  3.8
Armour         | |  0.2
Dodging        | |  2.7
Stealth        | |  2.1

Action                   |  1- 3 |  4- 6 || total
-------------------------+-------+-------++-------
Melee: Hand axe          |   126 |    28 ||   154
 Stab: Sleeping          |     2 |       ||     2
Armor: Robe              |    32 |       ||    32
       Scale mail        |    35 |    19 ||    54
Dodge: Dodged            |    87 |    15 ||   102
